 Dungeon Crawl Stone Soup version 0.29.1-4-g47bece8355 (webtiles) character file.

Game seed: 17856591058510483616

40 Peloso the Trooper (level 3, 34/34 HPs)
             Began as a Minotaur Fighter on Dec 8, 2022.
             Got out of the dungeon alive.
             The game lasted 00:02:06 (1452 turns).

Peloso the Trooper (Minotaur Fighter)               Turns: 1452, Time: 00:02:07

Health: 34/34      AC:  8    Str: 24    XL:     3   Next: 30%
Magic:  2/2        EV:  9    Int:  4    God:
Gold:   128        SH:  5    Dex: 16    Spells: 2/2 levels left

rFire   + . .      SeeInvis .   a - +0 long sword
rCold   . . .      Faith    .   c - +0 buckler
rNeg    . . .      Spirit   .   b - +0 scale mail
rPois   .          Reflect  .   (helmet unavailable)
rElec   .          Harm     .   (no cloak)
rCorr   .          Rampage  .   (no gloves)
Will    .....      Rnd*Tele +   m - +0 pair of boots
Stlth   ..........              (no amulet)
HPRegen 0.11/turn               e - +6 ring of dexterity
MPRegen 0.08/turn               q - ring of protection from fire

@: no status effects
A: horns 3, retaliatory headbutt, strong 1, teleportitis 1
a: no special abilities


You escaped.
You visited 1 branch of the dungeon, and saw 2 of its levels.

You collected 128 gold pieces.

Inventory:

Hand Weapons
 a - a +0 long sword (weapon)
Armour
 b - a +0 scale mail (worn)
 c - a +0 buckler (worn)
 m - a +0 pair of boots (worn)
Jewellery
 e - a +6 ring of dexterity (left hand)
 q - a ring of protection from fire (right hand)
Scrolls
 f - a scroll of torment {unknown}
 h - 2 scrolls of identify {unknown}
 i - 2 scrolls of fear {unknown}
 j - a scroll of poison {unknown}
 k - a scroll of vulnerability {unknown}
 o - 2 scrolls of fog {unknown}
 p - 2 scrolls of teleportation {unknown}
 t - a scroll of blinking {unknown}
 u - a scroll of magic mapping {unknown}
Potions
 d - 2 potions of might
 g - a potion of curing
 n - a potion of attraction {unknown}
 r - a potion of haste {unknown}
 s - a potion of ambrosia {unknown}


   Skills:
 + Level 4.3 Fighting
 + Level 2.7 Long Blades
 + Level 4.0 Armour
 + Level 0.2 Dodging
 + Level 0.8 Stealth
 + Level 3.8 Shields


You had 2 spell levels left.
You didn't know any spells.
Your spell library contained the following spells:

 Spells                   Type           Power      Damage    Failure   Level
 Blade Hands              Tmut           0%         N/A       100%        5
 Freezing Cloud           Conj/Ice/Air   0%         6-21      100%        5
 Orb of Destruction       Conj           0%         9d5       100%        7


Dungeon Overview and Level Annotations

Branches:
Dungeon (2/15)

Altars:


Innate Abilities, Weirdness & Mutations

You have a pair of large horns on your head.
You reflexively headbutt those who attack you in melee.
Your muscles are strong. (Str +4, Int/Dex -1)
You are occasionally teleported next to monsters.


Message History

You barely miss the adder. Your headbutt misses the adder.
You block the adder's attack. The adder barely misses you.
You hit the adder.
The adder is heavily wounded.
The adder bites you but does no damage. The adder barely misses you.
You furiously retaliate!
You headbutt the adder. You closely miss the adder.
The adder is heavily wounded.
The adder bites you.
You are poisoned.
The adder poisons you! The adder bites you but does no damage.
You hit the adder.
The adder is severely wounded.
You feel sick. You block the adder's attack.
You slash the adder!
You kill the adder!
You feel sick.
You feel sick.
You see here an adder corpse.
You feel sick.
You are no longer poisoned.
You feel a genetic drift. The horns on your head grow some more.
Found 3 stones.
Really quaff the potion of mutation?
You feel extremely strange. The horns on your head shrink a bit.
You no longer feel a hidden potential within.
You feel weirdly uncertain. The horns on your head grow some more.
(D) Dungeon
Where to? (Enter - D:12, ? - help)
What level of the Dungeon? (default 1, ? - help)
There is a stone staircase leading down here.
You see here a +0 club.
There is a stone staircase leading up here.
You climb upwards.
There is a stone staircase leading down here.
There is a staircase leading out of the dungeon here.
Are you sure you want to leave the Dungeon?
This will make you lose the game!
You have escaped!

.........## #.# ##.# .########.##
#.# ##.## .#....####.## #.# ##.##
.#.....# ##.## #.# ##.## .......#
##.###.###.## ###### .#...#.#
##.##.##.## #..... .+.....#
##.#.#.## ######.####
##...##########.#.#####..........
#...# #.......#@#...[...###.####
#...# ########.#.######## #.....
#...# ##.#.#.## ###.#### #...#
##.##.##.## #.....# #...#
##.###.###.## #####.# ##### ##.##
#.# ##.## #.# #### ##.## #.#
##.#######.## ...# ###.## #.#
##.##.....#. ...# #..## #.#
##...#####.


There were no monsters in sight!

Vanquished Creatures
  An adder (D:2)
  A dart slug (D:1)
  4 ball pythons
  7 endoplasms
  A giant cockroach (D:1)
  2 goblins
  2 hobgoblins (D:2)
  2 quokkas (D:1)
  2 frilled lizards (D:1)
  3 kobolds
  A rat (D:2)
26 creatures vanquished.

Notes
Turn   | Place    | Note
-------+----------+-------------------------------------------
     0 | D:1      | Peloso the Minotaur Fighter began the quest for the Orb.
     0 | D:1      | Reached XP level 1. HP: 19/19 MP: 0/0
   181 | D:1      | Got the Handbook of Violent Transformation
   284 | D:1      | Reached XP level 2. HP: 27/27 MP: 1/1
   873 | D:1      | Gained mutation: You have hidden genetic potential. [potion
                  | of mutation]
   873 | D:1      | Gained mutation: Your muscles are strong. (Str +4, Int/Dex
                  | -1) [potion of mutation]
  1116 | D:2      | Reached XP level 3. HP: 33/33 MP: 2/2
  1322 | D:2      | Gained mutation: You have a pair of large horns on your
                  | head. [hidden potential]
  1394 | D:2      | Lost mutation: You have a pair of large horns on your head.
                  | [potion of mutation]
  1394 | D:2      | Lost mutation: You have hidden genetic potential. [potion
                  | of mutation]
  1394 | D:2      | Gained mutation: You are occasionally teleported next to
                  | monsters. [potion of mutation]
  1394 | D:2      | Gained mutation: You have a pair of large horns on your
                  | head. [potion of mutation]
  1452 | D:$      | Got out of the dungeon alive.

Illustrated notes

Levels and vault maps discovered:
D:1:      spicycebolla_arrival_xxxplode, layout_basic
D:2:      layout_rooms, chequers_mini_garden, kennysheep_boxes

Skill      XL: |  1  2 |
---------------+-------+-----
Fighting       | 4 |  4.3
Armour         | 4 |  4.0
Long Blades    | |  2.7
Dodging        | |  0.2
Stealth        | |  0.8
Shields        | |  3.8

Action                   || total
-------------------------++-------
Melee: Long sword        ||    59
       Headbutt          ||     7
  Use: Potion            ||     3
Armor: Scale mail        ||    27
Dodge: Dodged            ||    21
Block: Buckler           ||     9
